[Event "Titled Tuesday Blitz August 1 Early 2023"]
[White "Ferro, Mario"]
[Black "Khamdamova, Afruza"]
[WhiteFideId "810290"]
[BlackFideId "14210444"]
[WhiteElo "2328"]
[BlackElo "2492"]
[Result "0-1"]
[Round "9"]
[TimeControl "180+1"]
[Date "2023.08.01"]
[WhiteClock "0:00:00"]
[BlackClock "0:00:02"]
[Board "123"]

1. Nf3 d5 2. g3 Nf6 3. Bg2 e6 4. O-O c5 5. d3 Nc6 6. Nbd2 Be7 7. e4 O-O 8. e5 Nd7 9. Qe2 b6 10. c3 Ba6 11. Rd1 Rc8 12. Nf1 d4 13. c4 Bb7 14. h4 Qc7 15. Re1 Kh8 16. g4 Rce8 17. Ng3 f6 18. exf6 Nxf6 19. g5 Nd7 20. Ne4 Nce5 21. Nxe5 Nxe5 22. f4 Ng6 23. Qh5 Nxf4 24. Bxf4 Qxf4 25. Rf1 Qe3+ 26. Kh1 Bxe4 27. Bxe4 Qh3+ 28. Kg1 Qg3+ 29. Kh1 h6 30. gxh6 Qxh4+ 31. Qxh4 Bxh4 32. hxg7+ Kxg7 33. Rg1+ Kf6 34. Raf1+ Ke5 35. Kg2 Rg8+ 36. Kh3 Rh8 37. Rg6 Be7+ 38. Kg4 Reg8 39. Rf7 Rxg6+ 40. Bxg6 Bf6 41. Rxa7 Rh4+ 42. Kg3 Rh6 43. Be4 Bg5 44. b3 Bf4+ 45. Kg4 Rh2 46. Ra6 Be3 47. Kf3 Rf2+ 48. Kg3 Rd2 49. a4 Rb2 50. Rxb6 Bd2 51. Bf3 Kf5 52. Bg4+ Kg5 53. Bxe6 Bb4 54. Kf3 Rxb3 55. Ke4 Ra3 56. Bd7 Ra2 57. Rb8 Kf6 58. Kd5 Ke7 59. Bf5 Rxa4 60. Rb7+ Kf6 61. Be4 Ra2 62. Rb6+ Kg5 63. Rb8 Re2 64. Rg8+ Kf6 65. Rg6+ Kf7 66. Rc6 Rf2 67. Rb6 Rf6 68. Rb7+ Kg8 69. Rc7 Kf8 70. Ke5 Rf2 71. Bf5 Ba5 72. Rd7 Bd2 73. Ke6 Bg5 74. Rb7 Re2+ 75. Kd5 Be7 76. Be6 Rf2 77. Rb8+ Kg7 78. Rg8+ Kf6 79. Rg4 Rf3 80. Rg8 Rxd3 81. Bd7 Re3 82. Rg4 Re5+ 83. Kc6 d3 84. Rg2 Re2 85. Rg3 d2 86. Rd3 Ke5 87. Bg4 Rf2 88. Kb5 Bg5 89. Bh5 Rh2 90. Bg4 Kf4 0-1


[Site "https://www.chess.com"]

[Event "Titled Tuesday Blitz August 1 Early 2023"]
[White "SicilianPanzer"]
[Black "Kaplan, Avi Harrison"]
[BlackFideId "30934559"]
[WhiteElo "2328"]
[BlackElo "2488"]
[Result "0-1"]
[Round "9"]
[TimeControl "180+1"]
[Date "2023.08.01"]
[WhiteClock "0:00:14"]
[BlackClock "0:00:07"]
[Board "124"]

1. b3 d5 2. Bb2 Nf6 3. e3 Bf5 4. Nf3 e6 5. h3 Be7 6. d3 O-O 7. g4 Bg6 8. Nbd2 c5 9. Qe2 Nc6 10. e4 dxe4 11. Nxe4 Nd5 12. a3 Rc8 13. Nfd2 Nd4 14. Qd1 f5 15. Ng3 fxg4 16. hxg4 Bg5 17. Nde4 Nf3+ 18. Ke2 Nd4+ 19. Ke1 Qa5+ 20. c3 Nf3+ 21. Ke2 Be7 22. Bg2 Ne5 23. c4 Nf4+ 24. Kf1 Nexd3 25. Bc3 Qc7 26. Qd2 Rcd8 27. Qe3 Nxg2 28. Kxg2 Qc6 29. Kh2 Bg5 30. Qxg5 Nxf2 31. Nxf2 Rxf2+ 32. Kh3 Qg2+ 33. Kh4 Qh2+ 34. Rxh2 Rxh2# 0-1


[Site "https://www.chess.com"]

[Event "Titled Tuesday Blitz August 1 Early 2023"]
[White "Rama, Tejas"]
[Black "Atanasov, Radislav"]
[WhiteFideId "30907381"]
[BlackFideId "2901471"]
[WhiteElo "2485"]
[BlackElo "2268"]
[Result "0-1"]
[Round "9"]
[TimeControl "180+1"]
[Date "2023.08.01"]
[WhiteClock "0:00:02"]
[BlackClock "0:00:29"]
[Board "125"]

1. d4 Nf6 2. c4 c5 3. d5 e6 4. Nc3 exd5 5. cxd5 d6 6. Nf3 g6 7. Nd2 Nbd7 8. e4 Bg7 9. Be2 O-O 10. O-O Re8 11. a4 a6 12. Re1 b6 13. f4 c4 14. Bxc4 Nc5 15. e5 dxe5 16. fxe5 Ng4 17. Nf3 Nxe5 18. Nxe5 Bxe5 19. g3 Bh3 20. Be3 Qd6 21. Qd2 Bxg3 22. hxg3 Qxg3+ 23. Kh1 Ne4 24. Qh2 Qh4 25. Nxe4 Qxe4+ 26. Kg1 Qg4+ 27. Kh1 Qf3+ 28. Kg1 Re4 29. Bf4 Rxf4 0-1


[Site "https://www.chess.com"]

[Event "Titled Tuesday Blitz August 1 Early 2023"]
[White "Grossboss19"]
[Black "ChesscularGodofchess"]
[WhiteElo "2476"]
[BlackElo "2261"]
[Result "1-0"]
[Round "9"]
[TimeControl "180+1"]
[Date "2023.08.01"]
[WhiteClock "0:00:24"]
[BlackClock "0:00:26"]
[Board "126"]

1. d4 d5 2. c4 c6 3. Nc3 Nf6 4. Nf3 dxc4 5. a4 Bf5 6. e3 e6 7. Bxc4 Bb4 8. O-O O-O 9. Qe2 Bg6 10. Ne5 Nbd7 11. Nxg6 hxg6 12. Na2 Bd6 13. b4 e5 14. Bb2 Qe7 15. b5 Rac8 16. bxc6 Rxc6 17. Bb5 Rc7 18. Rfc1 Rfc8 19. Rxc7 Rxc7 20. Rc1 a6 21. Rxc7 Bxc7 22. Bc4 Nb6 23. Bb3 Nfd5 24. a5 Kf8 25. axb6 Nxb6 26. d5 Qc5 27. Qd2 Bd6 28. Bc3 Nc4 29. Bxc4 Qxc4 30. Bb4 Bxb4 31. Qxb4+ Qxb4 32. Nxb4 Ke7 33. e4 Kd6 34. Nd3 b5 35. Kf1 a5 36. Ke2 g5 37. h3 f6 38. Kd2 Kc7 39. Kc3 Kb6 40. f3 Kc7 41. Nc5 Kd6 42. Nb7+ Kc7 43. Nxa5 Kb6 44. Nb3 Kc7 45. Kb4 Kb6 46. Nc5 Kc7 47. Kxb5 Kd6 48. Nb7+ Kd7 49. Kc5 Kc7 50. Nd6 Kd7 51. g4 g6 52. Nc4 Kc7 53. d6+ Kd7 54. Kd5 f5 55. Nxe5+ Ke8 56. exf5 gxf5 57. gxf5 g4 58. fxg4 Kd8 59. Ke6 Ke8 60. d7+ Kf8 61. d8=Q+ Kg7 62. f6+ Kh6 63. h4 Kh7 64. Qe7+ Kh6 65. Qg7# 1-0


[Site "https://www.chess.com"]

[Event "Titled Tuesday Blitz August 1 Early 2023"]
[White "Putri, Regita Desyari"]
[Black "favesaul"]
[WhiteFideId "7109083"]
[WhiteElo "2251"]
[BlackElo "2450"]
[Result "0-1"]
[Round "9"]
[TimeControl "180+1"]
[Date "2023.08.01"]
[WhiteClock "0:00:04"]
[BlackClock "0:00:02"]
[Board "127"]

1. e4 c5 2. Nf3 e6 3. d4 cxd4 4. Nxd4 Nc6 5. Nxc6 bxc6 6. Bd3 Nf6 7. e5 Qa5+ 8. Nc3 Qxe5+ 9. Be3 d5 10. Ne2 Qc7 11. O-O Bd6 12. h3 O-O 13. c4 h6 14. Qc2 Bd7 15. c5 Be7 16. f4 a5 17. Nd4 Rab8 18. Nf3 Nh5 19. Ne5 Bf6 20. Ng4 Bxb2 21. Rab1 Bf6 22. Rxb8 Rxb8 23. Nxf6+ Nxf6 24. Bd4 Qd8 25. a3 Ne8 26. Rf3 f6 27. Bh7+ Kh8 28. Bd3 Qe7 29. Qe2 Nc7 30. Bc2 Be8 31. Qd3 g6 32. a4 Rb4 33. Qc3 Kg7 34. Rg3 Bf7 35. Kh2 Rc4 36. Qd3 Qe8 37. Bb3 Rb4 38. Qc3 Qe7 39. Bc2 Rc4 40. Qd3 Rxd4 41. Qxd4 e5 42. fxe5 fxe5 43. Qd3 Qf6 44. Qb3 Ne6 45. Qb6 Nf4 46. Qxa5 e4 47. Qe1 h5 48. Rf3 Qe5 49. Rg3 h4 50. Rg4 Nd3+ 51. Kg1 Nxe1 52. Rxg6+ Bxg6 53. Bxe4 Qxe4 54. Kf1 d4 55. Kf2 Qe3+ 56. Kf1 Bd3# 0-1


[Site "https://www.chess.com"]

[Event "Titled Tuesday Blitz August 1 Early 2023"]
[White "cycygogne"]
[Black "Kirillov, Dmitry"]
[BlackFideId "34180572"]
[WhiteElo "2180"]
[BlackElo "2436"]
[Result "0-1"]
[Round "9"]
[TimeControl "180+1"]
[Date "2023.08.01"]
[WhiteClock "0:00:15"]
[BlackClock "0:00:22"]
[Board "128"]

1. e4 e5 2. Nf3 Nc6 3. Bc4 Nf6 4. d4 exd4 5. Ng5 d5 6. exd5 Qe7+ 7. Kf1 Ne5 8. Qxd4 Nxc4 9. Qxc4 Qc5 10. Qxc5 Bxc5 11. Nc3 O-O 12. Bf4 Bf5 13. Bxc7 Bxc2 14. Rc1 Bd3+ 15. Kg1 Ng4 16. Nh3 Rac8 17. Bg3 Rfd8 18. Nf4 Bf5 19. h3 Nf6 20. Kh2 g5 21. Nfe2 Nxd5 22. Nxd5 Rxd5 23. Rhd1 Rxd1 24. Rxd1 Be6 25. Rc1 b6 26. a3 Rd8 27. b4 Be7 28. Rc7 Bf6 29. Rxa7 Rd2 30. Ng1 h5 31. Nf3 Ra2 32. h4 g4 33. Ng5 Bd5 34. Ra6 Bd4 35. a4 Bxf2 36. Bxf2 Rxf2 37. Kg1 Rxg2+ 38. Kf1 Ra2 39. Rxb6 Rxa4 40. Rh6 Rxb4 41. Rxh5 f6 42. Nh7 Bc4+ 43. Kf2 Kg7 44. Kg3 Bf7 45. Rf5 Kxh7 46. Rxf6 Kg7 47. Rf5 Be6 48. Rg5+ Kf6 49. Rc5 Rb3+ 50. Kg2 Bf5 51. h5 Kg5 52. h6 Rb7 53. Kg3 Rh7 54. Rc6 Rxh6 55. Rc5 Rh3+ 0-1


[Site "https://www.chess.com"]

[Event "Titled Tuesday Blitz August 1 Early 2023"]
[White "Floresvillar Gonzalez, Luis Migu"]
[Black "Necromon"]
[WhiteFideId "5100542"]
[WhiteElo "2149"]
[BlackElo "2436"]
[Result "0-1"]
[Round "9"]
[TimeControl "180+1"]
[Date "2023.08.01"]
[WhiteClock "0:00:00"]
[BlackClock "0:01:11"]
[Board "129"]

1. d4 Nf6 2. Bg5 c5 3. c3 cxd4 4. Bxf6 gxf6 5. cxd4 Qb6 6. Qd2 Nc6 7. e3 d5 8. Nc3 e6 9. g3 Bd7 10. Bg2 Rc8 11. Nge2 Bb4 12. O-O Na5 13. b3 Bb5 14. Rfc1 Bxe2 15. Nxe2 Bxd2 16. Rxc8+ Ke7 17. Rxh8 Qa6 18. Nf4 Nxb3 19. Rd1 Qxa2 20. Nxd5+ exd5 21. Bxd5 Bb4 22. Rxh7 Qc2 23. Rxf7+ Ke8 24. Rf1 Nd2 25. Rxb7 Nxf1 26. Rxb4 Nd2 0-1


[Site "https://www.chess.com"]

[Event "Titled Tuesday Blitz August 1 Early 2023"]
[White "Bilan, Danila"]
[Black "Nithyalakshmi, Sivanesan"]
[WhiteFideId "24161918"]
[BlackFideId "5706955"]
[WhiteElo "2554"]
[BlackElo "2354"]
[Result "1-0"]
[Round "9"]
[TimeControl "180+1"]
[Date "2023.08.01"]
[WhiteClock "0:00:06"]
[BlackClock "0:00:12"]
[Board "130"]

1. d4 Nf6 2. Nf3 g6 3. Bg5 Bg7 4. c3 Ne4 5. Bh4 d5 6. Nbd2 Nxd2 7. Qxd2 O-O 8. e3 c6 9. Bd3 Nd7 10. O-O Re8 11. e4 Qb6 12. e5 Nf8 13. b4 f6 14. Rfe1 Bg4 15. exf6 exf6 16. Qf4 Bxf3 17. Qxf3 g5 18. Bg3 Qd8 19. h4 Qd7 20. Bf5 Qf7 21. a4 Rxe1+ 22. Rxe1 Re8 23. Re2 gxh4 24. Bxh4 Ng6 25. Bg3 b6 26. Qg4 Rxe2 27. Qxe2 Qe7 28. Qxe7 Nxe7 29. Be6+ Kf8 30. Bb8 a6 31. Bc7 b5 32. a5 Bh6 33. f4 Ke8 34. Kf2 Ng6 35. g3 Nf8 36. Bf5 Ke7 37. Bc8 Bg7 38. Bxa6 Kd7 39. Bb6 Ne6 40. Bb7 h5 41. a6 Nc7 42. a7 f5 43. Bxc7 Kxc7 44. a8=Q 1-0


[Site "https://www.chess.com"]

[Event "Titled Tuesday Blitz August 1 Early 2023"]
[White "Ambartsumova, Karina"]
[Black "Bashirli, Saadat"]
[WhiteFideId "4166299"]
[BlackFideId "13429990"]
[WhiteElo "2550"]
[BlackElo "2345"]
[Result "1-0"]
[Round "9"]
[TimeControl "180+1"]
[Date "2023.08.01"]
[WhiteClock "0:00:55"]
[BlackClock "0:00:12"]
[Board "131"]

1. c4 e6 2. Nc3 d5 3. d4 c6 4. Nf3 dxc4 5. e4 b5 6. e5 Bb4 7. Be2 Ne7 8. O-O O-O 9. Qc2 Ng6 10. Rd1 Bb7 11. Bg5 Qb6 12. a3 Bxc3 13. bxc3 a5 14. Be3 Qc7 15. h4 Nd7 16. h5 Ne7 17. Ng5 g6 18. Ne4 Nd5 19. Bh6 Rfd8 20. Qc1 Nxe5 21. dxe5 Qxe5 22. Bf3 Rac8 23. Re1 Qf5 24. Ng3 Qd3 25. Ne4 f5 26. Nc5 Qxc3 27. Bxd5 Qxc1 28. Bxe6+ Kh8 29. Bxc1 Rc7 30. Bb2+ 1-0


[Site "https://www.chess.com"]

[Event "Titled Tuesday Blitz August 1 Early 2023"]
[White "AndresDelgado77"]
[Black "robertoalejandro10"]
[WhiteElo "2335"]
[BlackElo "2545"]
[Result "1-0"]
[Round "9"]
[TimeControl "180+1"]
[Date "2023.08.01"]
[WhiteClock "0:00:06"]
[BlackClock "0:00:00"]
[Board "132"]

1. e4 a6 2. d4 b5 3. Nf3 Bb7 4. Bd3 g6 5. h4 h5 6. e5 Bg7 7. Nbd2 Nh6 8. Ne4 Nf5 9. Nc5 Bd5 10. Bxf5 gxf5 11. Nd3 d6 12. Nf4 Be4 13. e6 c5 14. Ng5 Qa5+ 15. Bd2 b4 16. Nxf7 Rh7 17. Ng5 Bxd4 18. Nxh7 Bxb2 19. Rb1 Qxa2 20. Ng5 1-0


[Site "https://www.chess.com"]

[Event "Titled Tuesday Blitz August 1 Early 2023"]
[White "Hajiyev, Kanan"]
[Black "Yonal, Timur"]
[WhiteFideId "13404148"]
[BlackFideId "44115725"]
[WhiteElo "2543"]
[BlackElo "2334"]
[Result "1/2-1/2"]
[Round "9"]
[TimeControl "180+1"]
[Date "2023.08.01"]
[WhiteClock "0:01:14"]
[BlackClock "0:00:21"]
[Board "133"]

1. d4 d5 2. Nf3 Nf6 3. c4 e6 4. cxd5 exd5 5. Nc3 c6 6. Qc2 Bd6 7. Bg5 Be6 8. Ne5 Nbd7 9. f4 h6 10. Bxf6 Nxf6 11. e3 O-O 12. Bd3 c5 13. O-O cxd4 14. exd4 Qb6 15. Qf2 Ng4 16. Nxg4 Bxg4 17. f5 f6 18. Nxd5 Qa5 19. Rac1 Rac8 20. Nf4 Rfe8 21. Ne6 Bh5 22. a3 Bf7 23. Rc2 Rxc2 24. Qxc2 Qb6 25. Nc5 Rc8 26. b4 a5 27. Bc4 Bxc4 28. Qxc4+ Kh8 29. Re1 axb4 30. axb4 Qc7 31. h3 b6 32. Qb5 bxc5 33. Re8+ Kh7 34. bxc5 Rxe8 35. Qxe8 Bxc5 36. Qg6+ Kg8 37. dxc5 Qxc5+ 38. Kh1 Qc1+ 39. Kh2 Qf4+ 40. Kg1 Qc1+ 41. Kf2 Qf4+ 42. Ke2 Qe4+ 43. Kd2 Qd4+ 44. Kc2 Qc4+ 45. Kd2 Qd4+ 46. Ke2 Qe4+ 47. Kd2 Qd4+ 1/2-1/2


[Site "https://www.chess.com"]

[Event "Titled Tuesday Blitz August 1 Early 2023"]
[White "Gueci, Tea"]
[Black "Ganiev, Roman"]
[WhiteFideId "872342"]
[BlackFideId "4131452"]
[WhiteElo "2332"]
[BlackElo "2524"]
[Result "1/2-1/2"]
[Round "9"]
[TimeControl "180+1"]
[Date "2023.08.01"]
[WhiteClock "0:00:09"]
[BlackClock "0:00:12"]
[Board "134"]

1. d4 Nf6 2. e3 e6 3. c4 b6 4. Nc3 Bb7 5. Nf3 Bb4 6. Be2 O-O 7. O-O Bxc3 8. bxc3 Ne4 9. Qc2 f5 10. Rd1 d6 11. d5 e5 12. Nd2 Nxd2 13. Bxd2 Nd7 14. e4 fxe4 15. Qxe4 Nc5 16. Qg4 Bc8 17. Qg5 Qxg5 18. Bxg5 Ne4 19. Be3 Nxc3 20. Re1 Nxe2+ 21. Rxe2 Bf5 22. Rd2 h6 23. h3 a5 24. a4 Bd7 25. Ra3 Rf7 26. Rb2 Raf8 27. Rd2 g5 28. Rb2 Kh7 29. Bc1 Kg6 30. Rba2 h5 31. h4 gxh4 32. Re2 h3 33. gxh3 Rf3 34. Ree3 Rxe3 35. Bxe3 Rf3 36. h4 Kf5 37. Ra1 Kg4 38. Kg2 e4 39. Bg5 Rc3 40. Bd8 Rxc4 41. Ra3 Kf5 42. Rg3 Be8 43. Rg5+ Kf4 44. Rg8 Bd7 45. Rg7 Bg4 46. Rxc7 Rxc7 47. Bxc7 Ke5 48. Bxb6 Kxd5 49. Bxa5 Bd1 50. Bd2 Bxa4 51. Kg3 Bd1 52. Kf4 Bf3 53. Bb4 Ke6 54. Bc3 d5 55. Bd4 Kd6 56. Ke3 Kc6 57. Kd2 Kb5 58. Kc3 Be2 59. Be3 Kc6 60. Bd4 Kd6 61. Kd2 Bc4 62. Ke3 Ke6 63. Kf4 Be2 64. Ke3 Bd3 65. Kf4 Bb1 66. Ke3 Kf5 67. f3 exf3 68. Kxf3 Bc2 69. Ke3 Bd1 70. Kd2 Ke4 71. Bf6 Bg4 72. Kc3 Be6 73. Kd2 Kf3 74. Bg5 d4 75. Bd8 Ke4 76. Bg5 d3 77. Bd8 Bc4 78. Bg5 Ba6 79. Bd8 Kf3 80. Bg5 Kg4 81. Bf6 Kf3 82. Bd8 Kg4 83. Bg5 Bb5 84. Bd8 Ba6 85. Bg5 Bb5 86. Bf6 Ba6 87. Bg5 1/2-1/2


[Site "https://www.chess.com"]

[Event "Titled Tuesday Blitz August 1 Early 2023"]
[White "Viskelis, Darius"]
[Black "Rodchenkov, Sergey D."]
[WhiteFideId "12800830"]
[BlackFideId "4168712"]
[WhiteElo "2321"]
[BlackElo "2491"]
[Result "0-1"]
[Round "9"]
[TimeControl "180+1"]
[Date "2023.08.01"]
[WhiteClock "0:00:53"]
[BlackClock "0:01:49"]
[Board "135"]

1. e4 c5 2. Nf3 d6 3. Bb5+ Nd7 4. c3 Nf6 5. Bd3 e6 6. O-O a6 7. Bc2 b5 8. d4 Be7 9. a4 Bb7 10. Re1 O-O 11. Nbd2 Rc8 12. Nf1 Nb6 13. axb5 axb5 14. Qe2 b4 15. Bg5 Nh5 16. Bxe7 Qxe7 17. dxc5 dxc5 18. Ne5 Qg5 19. Nc4 Nf4 20. Qd1 Qxg2# 0-1


[Site "https://www.chess.com"]

[Event "Titled Tuesday Blitz August 1 Early 2023"]
[White "Antonio, Jorge Carlos"]
[Black "Girya, Olga"]
[WhiteFideId "113190"]
[BlackFideId "4195752"]
[WhiteElo "2319"]
[BlackElo "2472"]
[Result "1-0"]
[Round "9"]
[TimeControl "180+1"]
[Date "2023.08.01"]
[WhiteClock "0:00:08"]
[BlackClock "0:00:00"]
[Board "136"]

1. d4 Nf6 2. Nf3 d5 3. Bf4 c5 4. e3 Nc6 5. c3 cxd4 6. exd4 Bg4 7. Qb3 Bxf3 8. Qxb7 Qc8 9. Qxc8+ Rxc8 10. gxf3 Nh5 11. Ba6 Rd8 12. Be3 e6 13. b4 Bd6 14. Nd2 O-O 15. Nb3 Nf4 16. Rg1 Ng6 17. h3 Rb8 18. a4 Bxb4 19. cxb4 Nxb4 20. Nc5 Nc2+ 21. Kd2 Nxa1 22. Rxa1 Nh4 23. Nd7 Rfd8 24. Nxb8 Rxb8 25. f4 Nf3+ 26. Ke2 Nh4 27. Ra2 f6 28. Bb5 Kf7 29. Bd3 g6 30. Kd2 Rb7 31. Be2 Nf5 32. Bg4 Nd6 33. Be2 Ne4+ 34. Kc2 Rc7+ 35. Kb3 Rb7+ 36. Ka3 Nc3 37. Rc2 Ne4 38. Ba6 Rd7 39. Rc6 Nd6 40. Bb5 Nxb5+ 41. axb5 Rb7 42. Ka4 Ke7 43. Bd2 Kd7 44. Bb4 Rb6 45. Rxb6 axb6 46. Kb3 f5 47. Kc3 h6 48. h4 h5 49. Kd3 Kc7 50. Be7 Kb7 51. Bf6 Kc7 52. Be5+ Kb7 53. Kc3 Ka7 54. Kb4 Kb7 55. Bf6 Ka7 56. Bd8 Kb7 57. Bxb6 Kxb6 58. Ka4 Kb7 59. Ka5 Ka7 60. b6+ Kb7 61. Kb5 1-0


[Site "https://www.chess.com"]

[Event "Titled Tuesday Blitz August 1 Early 2023"]
[White "Ronka, Erik"]
[Black "Topalov, Aleksandar"]
[WhiteFideId "505080"]
[BlackFideId "925659"]
[WhiteElo "2456"]
[BlackElo "2357"]
[Result "1-0"]
[Round "9"]
[TimeControl "180+1"]
[Date "2023.08.01"]
[WhiteClock "0:00:11"]
[BlackClock "0:00:42"]
[Board "137"]

1. d4 f5 2. Bg5 Nf6 3. Bxf6 exf6 4. e3 g6 5. c4 b6 6. Nc3 Bb7 7. h4 h5 8. Nge2 Bh6 9. d5 Qe7 10. Nd4 O-O 11. Bd3 Na6 12. Qf3 Nc5 13. Bxf5 gxf5 14. Nxf5 Qh7 15. Qxh5 Bg7 16. Ne7+ Kh8 17. Ng6+ Kg8 18. Qxh7+ Kxh7 19. Nxf8+ Rxf8 20. Kd2 f5 21. Rae1 Ba6 22. b4 Bxc3+ 23. Kxc3 Ne4+ 24. Kd4 Nxf2 25. Rhf1 Ng4 26. Rf4 c5+ 27. bxc5 bxc5+ 28. Kxc5 Rc8+ 29. Kd6 Nf6 30. Rxf5 Kg6 31. Rg5+ Kf7 32. e4 Rxc4 33. Rf5 Kg6 34. h5+ Kg7 35. e5 Ne4+ 36. Rxe4 Rxe4 37. Kxd7 Rc4 38. e6 Rc2 39. d6 Bc8+ 40. Ke7 Re2 41. d7 1-0


[Site "https://www.chess.com"]

[Event "Titled Tuesday Blitz August 1 Early 2023"]
[White "chessmateto"]
[Black "Fernandez Siles, Luis"]
[BlackFideId "2209420"]
[WhiteElo "2454"]
[BlackElo "2295"]
[Result "1-0"]
[Round "9"]
[TimeControl "180+1"]
[Date "2023.08.01"]
[WhiteClock "0:00:04"]
[BlackClock "0:00:00"]
[Board "138"]

1. c4 Nf6 2. Nc3 g6 3. Nf3 Bg7 4. g3 O-O 5. Bg2 d6 6. O-O Nc6 7. d4 Bf5 8. Re1 Ne4 9. Nxe4 Bxe4 10. Be3 e5 11. d5 Bxf3 12. Bxf3 Nd4 13. Bxd4 exd4 14. Qd3 h5 15. h4 Qf6 16. Rac1 b6 17. b4 a5 18. a3 axb4 19. axb4 Ra4 20. Rb1 Rfa8 21. Rec1 Ra3 22. Rb3 Ra1 23. Rbb1 R1a3 24. Rb3 Ra2 25. c5 g5 26. hxg5 Qxg5 27. Rcb1 h4 28. Kg2 Be5 29. Be4 hxg3 30. fxg3 Rd2 31. Qf3 Raa2 32. Bd3 f5 33. Rh1 f4 34. g4 Bg7 35. Rh5 Qe7 36. Qxf4 Rxe2+ 37. Bxe2 Qxe2+ 38. Kg3 Qg2+ 39. Kh4 Rf2 40. Qg3 Bf6+ 41. g5 Qe4+ 42. Qg4 Rh2+ 43. Kg3 Qg2+ 44. Kf4 Qf2+ 45. Rf3 1-0


[Site "https://www.chess.com"]

[Event "Titled Tuesday Blitz August 1 Early 2023"]
[White "Khromkin, Andrey"]
[Black "rionelG"]
[WhiteFideId "4154126"]
[WhiteElo "2446"]
[BlackElo "2295"]
[Result "1-0"]
[Round "9"]
[TimeControl "180+1"]
[Date "2023.08.01"]
[WhiteClock "0:00:12"]
[BlackClock "0:00:00"]
[Board "139"]

1. d4 Nf6 2. c4 g6 3. Nf3 Bg7 4. Nc3 O-O 5. g3 d6 6. Bg2 Nc6 7. O-O a6 8. h3 Rb8 9. e4 b5 10. e5 dxe5 11. dxe5 Nd7 12. cxb5 axb5 13. e6 fxe6 14. Re1 Nde5 15. Nxe5 Qxd1 16. Rxd1 Nxe5 17. Bf4 b4 18. Ne4 Bb7 19. Rac1 Bd5 20. b3 Ra8 21. Rd2 h6 22. Rxc7 g5 23. Bxe5 Bxe5 24. Rxe7 Rf7 25. Rxf7 Kxf7 26. Nc5 Bxg2 27. Kxg2 Rc8 28. Nd3 Bc3 29. Re2 Kf6 30. Re4 Ra8 31. Nxb4 Bxb4 32. Rxb4 Rxa2 33. Rb8 Rb2 34. b4 Rb3 35. b5 h5 36. b6 g4 37. hxg4 hxg4 38. b7 Ke5 39. Kf1 Ke4 40. Ke2 e5 41. Kd2 Rb6 42. Kc3 Rc6+ 43. Kb4 Rb6+ 44. Kc5 Rb2 45. Kd6 Rd2+ 46. Ke6 Rb2 47. Kd7 Rd2+ 48. Ke7 Rb2 49. Kd6 Rd2+ 50. Kc5 Rc2+ 51. Kb4 Rb2+ 52. Kc3 Rb1 53. Kc2 Rb6 54. Kc1 Rb5 55. Kc2 Rb6 56. Kc3 Rb1 57. Kc4 Rc1+ 58. Kb5 Rb1+ 59. Kc6 Rc1+ 60. Kd6 Rd1+ 61. Ke6 Rb1 62. Kf6 Rb6+ 63. Kg5 1-0


[Site "https://www.chess.com"]

[Event "Titled Tuesday Blitz August 1 Early 2023"]
[White "Xavier_mompel"]
[Black "Carrasco Miranda, Andres"]
[BlackFideId "3405990"]
[WhiteElo "2287"]
[BlackElo "2443"]
[Result "1/2-1/2"]
[Round "9"]
[TimeControl "180+1"]
[Date "2023.08.01"]
[WhiteClock "0:01:06"]
[BlackClock "0:01:48"]
[Board "140"]

1. e4 e5 2. Nf3 Nc6 3. Bb5 Nf6 4. O-O Nxe4 5. d4 Nd6 6. Bxc6 dxc6 7. dxe5 Nf5 8. Qxd8+ Kxd8 9. Bg5+ Ke8 10. Nc3 Be6 11. a3 h6 12. Bf4 Be7 13. h3 h5 14. Rad1 Rd8 15. Rxd8+ Kxd8 16. Rd1+ Kc8 17. Ne4 b6 18. Ng3 h4 19. Nxf5 Bxf5 20. Nd4 Bd7 21. c3 c5 22. Nf3 Bc6 23. Ng5 Bxg5 24. Bxg5 Rh5 25. Bf4 Rf5 26. Bh2 g5 27. f3 f6 1/2-1/2


[Site "https://www.chess.com"]

[Event "Titled Tuesday Blitz August 1 Early 2023"]
[White "Schlecht, Daniel, Dr."]
[Black "Warchol, Kamil"]
[WhiteFideId "4623959"]
[BlackFideId "21858241"]
[WhiteElo "2424"]
[BlackElo "2279"]
[Result "0-1"]
[Round "9"]
[TimeControl "180+1"]
[Date "2023.08.01"]
[WhiteClock "0:00:05"]
[BlackClock "0:00:06"]
[Board "141"]

1. g3 d5 2. Nf3 Nf6 3. Bg2 Bf5 4. O-O h6 5. c4 e6 6. Qb3 b6 7. Nc3 c6 8. cxd5 cxd5 9. Ne5 Bd6 10. Qa4+ Nfd7 11. Nc6 Nxc6 12. Qxc6 Be5 13. d3 O-O 14. Qa4 Nc5 15. Qa3 a5 16. Nb5 Qd7 17. d4 Qxb5 18. dxe5 Qxe2 19. Be3 Be4 20. Rfe1 Qb5 21. Bxc5 Qxc5 22. Qxc5 bxc5 23. Bxe4 dxe4 24. Rxe4 Rfb8 25. b3 a4 26. Rxa4 Rxa4 27. bxa4 Rb4 28. Rc1 c4 29. Kf1 Rxa4 30. Rc2 Kh7 31. Ke2 Kg6 32. f4 Kf5 33. Ke3 g5 34. fxg5 hxg5 35. Kd4 c3+ 36. Kxc3 Kxe5 37. Kb3 Ra7 38. a4 f5 39. Kb4 f4 40. Kb5 f3 41. a5 Ke4 42. h4 gxh4 43. gxh4 Kd3 44. Ra2 Ke3 45. Kb6 Rh7 46. Ra3+ Ke2 47. Ra2+ Ke1 48. Ra1+ Ke2 49. Ra2+ Ke3 50. Ra3+ Kf4 51. Ra4+ Kg3 52. a6 f2 53. Ra1 Rxh4 54. a7 Rh8 55. Kc6 e5 56. Kd5 Kg2 57. Kxe5 Ra8 58. Kd5 f1=Q 0-1


[Site "https://www.chess.com"]

[Event "Titled Tuesday Blitz August 1 Early 2023"]
[White "Fernandez Garcia, Gumersindo"]
[Black "Vaglio Munoz, Jaime"]
[WhiteFideId "24516740"]
[BlackFideId "6500145"]
[WhiteElo "2418"]
[BlackElo "2272"]
[Result "1-0"]
[Round "9"]
[TimeControl "180+1"]
[Date "2023.08.01"]
[WhiteClock "0:00:37"]
[BlackClock "0:00:00"]
[Board "142"]

1. e4 c5 2. c3 Qa5 3. Nf3 a6 4. Na3 b5 5. Nc2 Bb7 6. d3 Nf6 7. Be3 e6 8. Be2 d5 9. exd5 Nxd5 10. O-O Be7 11. d4 c4 12. Ne5 Nc6 13. Bf3 Nxe5 14. dxe5 Rd8 15. Bd4 Qc7 16. Re1 O-O 17. Qe2 Nf4 18. Qe3 Nd3 19. Re2 Bxf3 20. Qxf3 Nxb2 21. Ne3 Nd3 22. Ng4 Bg5 23. h4 Bxh4 24. g3 Bg5 25. Kg2 h6 26. Rh1 b4 27. Qe4 Qd7 28. f4 Be7 29. Qf3 Qd5 30. Re3 Qxf3+ 31. Kxf3 bxc3 32. Bxc3 Bc5 33. Re4 Rc8 34. Rxc4 Be7 35. Rxc8 Rxc8 36. Bd4 Rc4 37. Ke3 Nb4 38. Rd1 Nc2+ 39. Ke4 Bc5 40. Kd3 Rxd4+ 41. Kxc2 Ra4 42. Kb3 Ra3+ 43. Kb2 Bb4 44. Nf2 Rxg3 45. Nd3 Be7 46. a4 Rg2+ 47. Kb3 g5 48. fxg5 Bxg5 49. Kc4 Rg4+ 50. Kb3 Be3 51. Re1 Bd4 52. Nb4 Bxe5 53. Rxe5 Kg7 54. Nxa6 Kf6 55. Re2 e5 56. Nb4 Rg1 57. a5 Rb1+ 58. Rb2 Rg1 59. a6 Rg8 60. a7 Ra8 61. Nc6 Kg5 62. Kc4 f5 63. Rb8 Rxa7 64. Nxa7 e4 65. Nc6 Kf4 66. Nd4 h5 67. Rf8 e3 68. Rxf5+ Ke4 69. Rxh5 Kf4 70. Kd3 Kg4 71. Re5 Kf4 72. Re4+ Kg5 73. Rxe3 Kg4 74. Ke4 Kg5 75. Rf3 Kg4 76. Ne6 Kh5 77. Kf5 Kh4 78. Rd3 1-0


[Site "https://www.chess.com"]

[Event "Titled Tuesday Blitz August 1 Early 2023"]
[White "Avazkhonov, Alikhon"]
[Black "Tqebuchava, Zurab"]
[WhiteFideId "14208504"]
[BlackFideId "13601113"]
[WhiteElo "2414"]
[BlackElo "2269"]
[Result "0-1"]
[Round "9"]
[TimeControl "180+1"]
[Date "2023.08.01"]
[WhiteClock "0:00:00"]
[BlackClock "0:00:06"]
[Board "143"]

1. d4 d6 2. c4 Nf6 3. Nf3 Nbd7 4. Nc3 e5 5. e4 exd4 6. Nxd4 g6 7. Be2 Bg7 8. O-O O-O 9. Be3 Nc5 10. f3 a5 11. a3 a4 12. Ndb5 Bd7 13. Bxc5 dxc5 14. Nxa4 Bxb5 15. cxb5 Qxd1 16. Bxd1 Ra5 17. Nxc5 Rxb5 18. Nd3 Rd8 19. Be2 Nd7 20. Rab1 Ne5 21. Nf4 Rb3 22. Nd5 c6 23. Nc3 Rd2 24. Rfd1 Rbxb2 25. Rxb2 Rxb2 26. Rd8+ Bf8 27. Kf1 Kg7 28. Nd1 Rc2 29. a4 Nc4 30. f4 Nd2+ 31. Ke1 Nxe4 32. Bd3 Bb4+ 33. Kf1 Rd2 34. Ne3 Nc5 35. Rd4 Bc3 36. Rc4 Rxd3 37. Ke2 Rd2+ 38. Kf3 Ne6 39. Rxc3 Ra2 40. Rc4 Ra3 41. Ke4 h5 42. f5 Rxa4 0-1


[Site "https://www.chess.com"]